cohdb
Replays
Latest Replays
All Replays
Popular Replays
Top Player Replays
Match Explorer
How It Works
Community
CoH3 Stats
Reddit
Sign in to upload your games and track your stats! →
Sign in with Steam
Match 30270047
Unlisted
Match 30270047
Overview
Messages
Build Orders
End
Vickers Machine Gun Team
Construct Section Command Post
Selects Air and Sea Battlegroup
Infantry Section
Infantry Section
Grenade Package
ML 3-inch Mortar Team
Construct Platoon Command Post
Selects Commando Section Paradrop
Humber Armored Car
Unlock M3 Stuart Light Tanks
Selects M1 Pack Howitzer Paradrop
6-pounder Anti-tank Gun Team
Construct Company Command Post
CMP 15cwt Truck
Selects Supply Surplus
Matilda II Heavy Tank
Selects Centaur Medium Tank
Crusader II Medium Tank
Matilda II Heavy Tank
gb_gbg
SneaKerz
\\\MeeM///
RAW
0
0
Comments
sign in to comment!
No comments posted yet!